Cogmind - Beta 13 @@@ ROGUE MODE // 2024.04.11 @ 20:28:34 Player: Camoedine Result: Destroyed by S-10 Pest with Light Assault Rifle Performance ------------- Evolutions (1) 500 Regions Visited (3) 600 Robots Destroyed (60) 300 Value Destroyed (1448) 1448 Prototype IDs (1) 20 Alien Tech Used (0) 0 Bonus (372) 372 TOTAL SCORE: 3240 Bonus ------- High Alert Combat Kills 169 Follower Combat Kills 372 Friendly Fire -169 Cogmind --------- Core Integrity 0/400 Matter 225/300 Energy 280/280 System Corruption 0% Temperature Cool (0) Movement Walking (120) Location -9/Storage Parts ------- > --- POWER (1) -------- Cooled Ion Engine > --- PROPULSION (3) --- Improved Aluminum Leg Carbon-fiber Leg Carbon-fiber Leg > --- UTILITY (3) ------ Signal Interpreter Hacking Suite > --- WEAPON (2) ------- Light Assault Rifle Mini Grenade Launcher > --- INVENTORY (5) ---- Improved Ion Engine Compact Wheel Compact Wheel Autogun Maul Peak State ------------ > --- POWER ------------ Cooled Ion Engine > --- PROPULSION ------- Improved Aluminum Leg Carbon-fiber Leg Carbon-fiber Leg > --- UTILITY ---------- Signal Interpreter Light Armor Plating Hacking Suite > --- WEAPON ----------- Light Assault Rifle Autogun > --- INVENTORY -------- Improved Ion Engine Improved Ion Engine Improved Aluminum Leg Mini Grenade Launcher Maul [Rating: 20] Favorites ----------- Power Light Ion Engine Engine Light Ion Engine Power Core Light Nuclear Core Propulsion Aluminum Leg Leg Aluminum Leg Wheel Wheel Utility Hacking Suite Storage Small Storage Unit Processor Signal Interpreter Hackware Hacking Suite Protection Light Armor Plating Weapon Light Assault Rifle Energy Gun Small Laser Ballistic Gun Light Assault Rifle Launcher Grenade Launcher Build | -11 -10 -9 -9 ------- Run | Yrd Mat Mat Sto Slots Evolved 2 | . . 2 . Power . | . . . . Propulsion 1 | . . 1 . Utility 1 | . . 1 . Weapon . | . . . . Parts Attached 55 | 6 15 19 15 Power 9 | 1 2 4 2 Engine 8 | 1 2 4 1 Core 1 | . . . 1 Reactor . | . . . . Propulsion 26 | 2 7 10 7 Treads . | . . . . Leg 19 | . 7 5 7 Wheel 7 | 2 . 5 . Hover . | . . . . Flight . | . . . . Utility 4 | 1 1 1 1 Device . | . . . . Storage 1 | 1 . . . Processor 1 | . . 1 . Hackware 1 | . 1 . . Protection 1 | . . . 1 Artifact . | . . . . Weapon 16 | 2 5 4 5 Energy Gun 2 | 1 1 . . Energy Cannon . | . . . . Ballistic Gun 11 | 1 4 4 2 Ballistic Cannon . | . . . . Launcher 3 | . . . 3 Special Weapon . | . . . . Impact Weapon . | . . . . Slashing Weapon . | . . . . Piercing Weapon . | . . . . Special Melee Weapon . | . . . . Unidentified Prototypes 1 | . . . 1 Parts Lost 12 | . 2 8 2 Power 3 | . 1 2 . Propulsion 3 | . . 3 . Utility 1 | . . . 1 Weapon 5 | . 1 3 1 Highest Loss Streak 6 | . 2 6 1 To Critical Strikes 1 | . . 1 . Average Slot Usage (%) 92 | . 92 90 95 Engine 11 | . 13 9 10 Leg 18 | . 10 17 31 Wheel 10 | . 16 9 1 Storage 10 | . 14 11 4 Processor 6 | . . 11 11 Hackware 10 | . 8 11 11 Protection 1 | . . . 6 Energy Gun 3 | . 8 . . Ballistic Gun 18 | . 19 20 13 Launcher 1 | . . . 5 Naked Turns . | . . . . Heaviest Build 17 | 11 12 14 17 Greatest Support 43 | 20 20 32 43 Greatest Overweight (x) 3 | . 3 2 3 Average Overweight (x) . | . . . . Largest Inventory Capacity 8 | 8 8 8 8 Average Capacity 7 | 6 8 8 6 Most Carried 8 | 5 8 8 8 Average Carried 6 | 3 7 7 6 Final Capacity 8 | 8 8 8 5 Final Carried 8 | 4 8 8 5 Class Distribution -------------------- 71% | Scavenger-Mutant 28% | Mutant Dominant Class ---------------- Mutant | -10/Materials Scavenger-Mutant | -9/Materials Scavenger-Mutant | -9/Storage Resources | -11 -10 -9 -9 ----------- Run | Yrd Mat Mat Sto Matter Collected 1300 | 183 347 371 399 Remotely . | . . . . Salvage Created 1588 | . 406 499 683 Parts 108 | . 31 38 39 Haulers Intercepted 2 | . . . 2 Recyclers Shooed 2 | . . 2 . Parts Field Recycled . | . . . . Retrieved Matter . | . . . . Parts Self-Destructed . | . . . . Prevented . | . . . . Kills | -11 -10 -9 -9 ------- Run | Yrd Mat Mat Sto Combat Hostiles Destroyed 48 | . 13 15 20 Guns 29 | . 13 15 1 AOE 19 | . . . 19 Classes Destroyed 12 | . 4 3 5 Worker 2 | . . 2 . Builder 3 | . . 2 1 Hauler 2 | . . . 2 Recycler 1 | . . . 1 Mechanic 1 | . . . 1 Operator 1 | . 1 . . Watcher 1 | . 1 . . Swarmer 15 | . 6 9 . Grunt 26 | . 7 4 15 Brawler 1 | . . . 1 Protector 1 | . . . 1 Sentry 5 | . . 2 3 Thug 1 | . . . 1 Best Kill Streak 9 | . 5 6 9 Combat Bots Only 8 | . 5 5 8 Max Kills in Single Turn 2 | . 1 2 2 Gunslinging 1 | . . 1 . Exploded 2 | . . . 2 Melee . | . . . . Uniques/NPCs Destroyed . | . . . . Combat | -11 -10 -9 -9 -------- Run | Yrd Mat Mat Sto Hostile Shots Fired 285 | . 59 154 72 Missed 83 | . 15 35 33 Damage Taken 2343 | . 469 1160 714 Core 518 | . 114 239 165 Absorbed by Shields . | . . . . Regen/Repaired (Parts) 53 | . . . 53 Core Remaining (%) 77 | 100 54 . . Volleys Fired 170 | . 50 77 43 Largest 2 | . 2 2 2 Hottest 60 | . 60 43 43 Shots Fired 269 | . 97 126 46 Gun 238 | . 97 126 15 Cannon . | . . . . Launcher 31 | . . . 31 Special . | . . . . Kinetic 212 | . 71 126 15 Thermal 26 | . 26 . . Explosive 31 | . . . 31 Electromagnetic . | . . . . Robot Hit Streak 12 | . 12 7 11 Robot Miss Streak 5 | . 4 5 2 Penetration Max . | . . . . Secondary Targets 2 | . . 2 . Max Gunslinging Chain 1 | . . 1 . Shots Hit Robots 177 | . 68 80 29 Core Hits 127 | . 26 33 68 Critical Kills 1 | . . 1 . Critical Parts Destroyed . | . . . . Critical Strikes 1 | . . 1 . Destroy 1 | . . 1 . Melee Attacks . | . . . . Impact . | . . . . Slashing . | . . . . Piercing . | . . . . Sneak Attacks . | . . . . Combat Hostiles . | . . . . Follow-up Attacks . | . . . . Damage Inflicted 4244 | . 718 888 2638 Guns 1700 | . 700 888 112 Cannons . | . . . . Explosions 2526 | . . . 2526 Melee . | . . . . Ramming 18 | . 18 . . Kinetic 1480 | . 480 888 112 Thermal 220 | . 220 . . Explosive 2526 | . . . 2526 Electromagnetic . | . . . . Impact . | . . . . Slashing . | . . . . Piercing . | . . . . Highest Corruption . | . . . . Average Corruption . | . . . . Corruption Purged . | . . . . Corruption Blocked . | . . . . Overload Shots . | . . . . Overflow Damage 1 | . . . 1 Projectiles . | . . . . Explosions 1 | . . . 1 Melee . | . . . . Knockbacks . | . . . . Impact . | . . . . Kinetic . | . . . . Secondary . | . . . . Self-Inflicted Damage 176 | . 9 . 167 Shots 7 | . . . 7 Rammed 1 | . 1 . . Targets Rammed 1 | . 1 . . Kicked . | . . . . Crushed . | . . . . Highest Temperature 40 | . 40 14 25 Average Temperature 10 | . 12 5 10 Received Heat Transfer 777 | . 192 345 240 Siege Activations . | . . . . Robots Corrupted . | . . . . Combat Hostiles . | . . . . Parts Fried . | . . . . Impact Corruptions . | . . . . Robots Melted . | . . . . Combat Hostiles . | . . . . Parts Melted 1 | . . . 1 Heat Transferred 500 | . 500 . . Parts Sabotaged . | . . . . Parts Stolen . | . . . . Parts Stripped . | . . . . Power Chain Reactions . | . . . . Alert | -11 -10 -9 -9 ------- Run | Yrd Mat Mat Sto Peak Influence 776 | . 210 347 776 Initial 100 | . . 57 100 Average 234 | . 75 198 511 Maximum Alert Level 3 | . 1 1 3 Low Security (%) 59 | 100 99 41 18 Level 1 19 | . . 58 7 Level 2 20 | . . . 71 Level 3 . | . . . 2 Level 4 . | . . . . Level 5 . | . . . . High Security . | . . . . Max Security . | . . . . Squads Dispatched 13 | . 3 1 9 Investigation 2 | . 1 . 1 Extermination . | . . . . Reinforcement 5 | . 2 1 2 Assault 4 | . . . 4 Garrison 2 | . . . 2 Intercept . | . . . . Searches Triggered . | . . . . Construction Impeded . | . . . . Haulers Reinforced . | . . . . Active Scanning Responses . | . . . . Cargo Convoy Interrupts . | . . . . Stealth | -11 -10 -9 -9 --------- Run | Yrd Mat Mat Sto Distress Signals 4 | . . 4 . Communications Jammed . | . . . . Distress Signals . | . . . . Times Spotted 85 | . 19 23 43 Peak Tracking Total 8 | . 4 8 8 Tactical Retreats 3 | . 2 1 . Traps | -11 -10 -9 -9 ------- Run | Yrd Mat Mat Sto Traps Triggered 4 | . 3 . 1 Indirectly . | . . . . Trap Hack Attempts . | . . . . Triggered . | . . . . Disarmed . | . . . . Reprogrammed . | . . . . Reused . | . . . . Traps Extracted . | . . . . Installed . | . . . . Triggered . | . . . . Machines | -11 -10 -9 -9 ---------- Run | Yrd Mat Mat Sto Machines Disabled 3 | . . 1 2 Max in Single Turn 1 | . . 1 1 Machines Repaired . | . . . . Machines Dismantled . | . . . . Machines Sabotaged . | . . . . Overloaded Fab Kills . | . . . . Hacking | -11 -10 -9 -9 --------- Run | Yrd Mat Mat Sto Machines Accessed 4 | . . . 4 Terminals 3 | . . . 3 Fabricators . | . . . . Repair Stations 1 | . . . 1 Recycling Units . | . . . . Scanalyzers . | . . . . Garrison Access . | . . . . Total Hacks 9 | . . . 9 Successful 5 | . . . 5 Failed 4 | . . . 4 Catastrophic . | . . . . Database Lockouts . | . . . . Manual 3 | . . . 3 Terminals 6 | . . . 6 Fabricators . | . . . . Repair Stations 3 | . . . 3 Recycling Units . | . . . . Scanalyzers . | . . . . Garrison Access . | . . . . Terminal Hacks 2 | . . . 2 Open Door 1 | . . . 1 Unreport Threat 1 | . . . 1 Fabricator Hacks . | . . . . Repair Station Hacks 3 | . . . 3 Scan Component 2 | . . . 2 Repair 1 | . . . 1 Recycling Unit Hacks . | . . . . Scanalyzer . | . . . . Garrison Access Hacks . | . . . . Unauthorized Hacks . | . . . . Terminals . | . . . . Fabricators . | . . . . Repair Stations . | . . . . Recycling Units . | . . . . Scanalyzers . | . . . . Garrison Access . | . . . . Data Cores Recovered . | . . . . Used . | . . . . Hacking Detections 3 | . . . 3 Full Trace Events 2 | . . . 2 Feedback Events . | . . . . Feedback Blocked . | . . . . Robot Schematics Acquired . | . . . . Robots Built . | . . . . Authchips . | . . . . Time . | . . . . Total Robot Build Rating . | . . . . Part Schematics Acquired . | . . . . Parts Built . | . . . . Authchips . | . . . . Time . | . . . . Total Part Build Rating . | . . . . Parts Repaired 1 | . . . 1 Time 26 | . . . 26 Parts Recycled . | . . . . Recycled Matter . | . . . . Retrieved Matter . | . . . . Retrieved Components . | . . . . Parts Scanalyzed . | . . . . Part Schematics Acquired . | . . . . Parts Damaged . | . . . . Bothacking | -11 -10 -9 -9 ------------ Run | Yrd Mat Mat Sto Used RIF Installer . | . . . . Robots Hacked . | . . . . Non-combat . | . . . . Combat . | . . . . Robot Hacks Applied . | . . . . Relay Couplers Released . | . . . . Fabnet Peak Effective % . | . . . . Robots Rewired . | . . . . Allies Hacked . | . . . . Hacks Repelled . | . . . . Allies | -11 -10 -9 -9 -------- Run | Yrd Mat Mat Sto Total Allies 2 | . . . 2 Largest Group 2 | . . . 2 Highest-Rated Group 62 | . . . 62 Highest-Rated Ally 31 | . . . 31 Total Orders . | . . . . Ally Attacks 65 | . . . 65 Total Damage 876 | . . . 876 Kills 14 | . . . 14 Allies Corrupted . | . . . . Allies Melted . | . . . . Intel | -11 -10 -9 -9 ------- Run | Yrd Mat Mat Sto Robot Analysis Total . | . . . . Derelict Logs Recovered . | . . . . Drone Launches . | . . . . Drone Recoveries . | . . . . Exploration | -11 -10 -9 -9 ------------- Run | Yrd Mat Mat Sto Turns Passed 1834 | 46 715 554 519 Spaces Moved 1105 | 45 481 297 282 Core 33 | 15 2 14 2 Treads . | . . . . Legs 568 | . 191 121 256 Wheels 504 | 30 288 162 24 Hover . | . . . . Flight . | . . . . Fastest Speed 50 | 50 80 80 83 Average Speed 102 | 70 97 101 117 Slowest Speed 200 | 80 200 150 200 Overloaded Moves . | . . . . Propulsion Burnouts . | . . . . Robots Hopped . | . . . . Cave-ins Triggered . | . . . . Exploration Rate (%) 28 | 4 46 25 37 Regions Visited 3 Branch Regions 1 Pre-discovered Areas . | . . . . Known Exits Taken 1 | . . 1 . Unknown Exits Taken 2 | 1 1 . . Scrap Searched . | . . . . Spaces Dug . | . . . . Terrain Destroyed 172 | . . . 172 Melee . | . . . . Projectile . | . . . . AOE 172 | . . . 172 Terrain Rammed . | . . . . Walls Destroyed . | . . . . Machines Disabled . | . . . . Actions | -11 -10 -9 -9 --------- Run | Yrd Mat Mat Sto Total 1569 | 57 638 441 433 Wait 160 | . 64 31 65 Move 1102 | 44 480 296 282 Hop . | . . . . Pick Up 36 | 7 13 7 9 Fast Attach 25 | 3 10 7 5 Attach 11 | 3 1 4 3 Detach 2 | . . 1 1 Swap 19 | . 4 8 7 Drop 43 | . 15 10 18 Fire 170 | . 50 77 43 Melee . | . . . . Ram 1 | . 1 . . Kick . | . . . . Crush . | . . . . Escape Stasis . | . . . . Rewire . | . . . . Trap . | . . . . Miscellaneous . | . . . . Route ------- -11/Scrapyard -10/Materials -9/Materials (discovered 2 exits: [*Min] / *Sto) -9/Storage History --------- Turn | Location | Event 9 | -11/Scrapyard | Discovered new exit (range 16) 47 | -11/Scrapyard | Entered Materials 308 | -10/Materials | Build established: Mutant 628 | -10/Materials | Discovered new exit (range 15) 741 | -10/Materials | Build established: Scavenger-Mutant 762 | -10/Materials | Entered another Materials area 762 | -9/Materials | Evolved 2 slots: Propulsion x1, Utility x1 994 | -9/Materials | Discovered new exit (range 15) 1102 | -9/Materials | Lost 6 parts (1p3n2w) 1217 | -9/Materials | Core integrity fell below 50% 1301 | -9/Materials | Discovered new exit (range 11) 1315 | -9/Materials | Identified exit to Storage 1316 | -9/Materials | Entered Storage 1336 | -9/Storage | Met a pair of Derelict thieves 1461 | -9/Storage | Garrison activated, responded to threat 1480 | -9/Storage | Core integrity fell below 20% 1657 | -9/Storage | Repaired Lgt. Assault Rifle 1716 | -9/Storage | First assault squad dispatched 1754 | -9/Storage | Destroyed 8 combat bots 1823 | -9/Storage | Garrison activated, responded to threat 1835 | -9/Storage | Destroyed by S-10 Pest with Light Assault Rifle Last Messages --------------- 01799_ K-01 Serf collects debris. 01803_ U-05 Engineer lays Concrete. 01803_ K-01 Serf collects debris. 01804_ U-05 Engineer lays Concrete. 01805_ K-01 Serf collects debris. 01805_ U-05 Engineer lays Concrete. 01809_ K-01 Serf collects debris. 01811_ A-02 Transporter destroyed. 01812_ K-01 Serf collects debris. 01815_ Acquired 25 matter. 01816_ K-01 Serf collects debris. 01823_ G-34 Mercenary destroyed. 01823_ Y-45 Defender calls for garrison reinforcements. 01823_ ALERT: Activating Garrison Access S001. 01827_ G-34 Mercenary destroyed. 01828_ Lgt. Armor Plating destroyed. 01829_ G-34 Mercenary destroyed. 01832_ S-10 Pest destroyed. 01835_ Y-45 Defender destroyed. 01835_ R-06 Scavenger destroyed. Map ----- +----------------------------------------------------+ | ??????????????????????????????????????? | | ??????????????????????????????????????? | | ??????????????????????????????????????? | | ??????????????????????????????????????? | | ??????????????????????????????????????? | | ??????????????????????????????????????? | | ??????????????????????????????????????? | | ??????????????????????????????????????? | | ??????????????????????????????????????? | | ??????????????????????????????????????? | | ????????????????????????? ??????????? | | ????????????????????????? #?????????? | | ????????????????????????? #?????????? | | ??????????????????????### ###???????? | | ????????????????????### ##??????? | | ???????????????????? % #??????? | | ????????????????????? #??????? | | ????????????????????? = #??????? | | ?????????????????????# = ???????? | | ?????????????????????# ##??????? | | ?????????????????????# #??????? | | ?????????????????????# #??????? | | ?????????????????????# % !#??????? | | ?????????????????????# #??????? | | ?????????????????????# #??????? | | ?????????????????????# ! @ #??????? | | ?????????????????????#!** ] #??????? | | ?????????????????????#s=% #??????? | | ?????????????????????#/#########??????? | | ?????????????????????#%#??????????????? | | ?????????????????????#=#??????????????? | | ??????????????????####=###????????????? | | ??????????????????# = #????????????? | | ??????????????????## #????????????? | | ???????????????#####*== #????????????? | | ??????????????#!!" # %= ##???????????? | | ####??????????#!! +*== ##???????????? | | ###???##???#!!" ## % ##??????????? | | * # ?? ??????#T # """#??????????? | | !# """ ""??#???#? # G"#??????????? | | # """ """ ##?????# """#??????????? | | # """ """ ""????## "#####?????????? | | # T????##* %# ###???????? | | # ""??#### % # #???????? | | # #???# #= # # #???????? | | #### #== ##???????? | | |#+######+###### # #???????? | | %% ^ = ## ##???????? | | % ^ % ! ##????????? | | % * ###?????????? | +----------------------------------------------------+ Best States ------------- Heat Dissipation 28 Energy Generation 14 Energy Capacity 280 Matter Stores 300 Matter Capacity 300 Sight Range 16 Terrain Scan Density 10 Armor Coverage 150 Evasion (%) 55 Offensive Hacking 10 Item Schematics ----------------- None Robot Schematics ------------------ None Fabricated ------------ Nothing Alien Tech Used ----------------- None Achievements -------------- None Challenges ------------ None Game ------ Seed TacticalGyrokineticBlade Manual? 0 Play Time 00:22:54 Cumulative 16.0 hours Start 2024.04.11 @ 20:04:08 End 2024.04.11 @ 20:28:34 Sessions 1 Manual Loads 0 Difficulty Rogue Special Mode None Game No. 26 Rogue 26 Adventurer 0 Explorer 0 Win Type - Total 0 Types 0/0/0/0/0/0/0/0/0 Lore% 8 Gallery% 19 Achievement% 16 Wizard Run 0 Options --------- Layout 0 ASCII 0 Keyboard 0 Movement Mouse Keybinds 0 Fullscreen 2 Font 24/X11 Map View 76x50 Zoom Use 0% Tactical HUD 1 Map Filters NONE Filters NONE Steam 1 RUN: baba041e-0262-470a-a98c-227b4e3f8bb0